Map: Vestiges de Bel’Shir EC (Void)

Players

zuka - Winner!

  • Race: Protoss Protoss
  • League: Master
  • Spawn Location: 11:00

TheGiantNome

  • Race: Zerg Zerg
  • League: Master
  • Spawn Location: 5:00

VOD

Have the link to the VOD?

Description

Time

  • Played on: Jan. 31, 2017, 3:02 p.m.
  • Length: 10:34
Show
View Real Time Build Order
Export as new Build Order

zuka Protoss - Winner!

Build Orders: 1 Gate Expand, Zealot Archon, Dark Templar Rush 

Get SALT Encoding   

  12  0:01  Probe (Chrono Boost)  
  13  0:11  Probe (Chrono Boost)  
  14  0:20  Pylon  
  14  0:22  Probe (Chrono Boost)  
  15  0:38  Probe (Chrono Boost)  
  15  0:40  Gateway  
  16  0:45  Assimilator  
  16  0:48  Probe (Chrono Boost)  
  17  0:59  Probe (Chrono Boost)  
  17  1:04  Pylon  
  18  1:09  Probe (Chrono Boost)  
  19  1:20  Probe (Chrono Boost)  
  20  1:29  Nexus  
  20  1:38  Cybernetics Core  
  20  1:42  Probe (Chrono Boost)  
  21  1:49  Assimilator  
  21  1:53  Probe (Chrono Boost)  
  22  1:57  Pylon  
  22  2:04  Probe (Chrono Boost)  
  23  2:11  Adept  
  26  2:16  Warp Gate  
  26  2:17  Probe (Chrono Boost)  
  26  2:29  Twilight Council, Probe (Chrono Boost)  
  27  2:35  Stalker  
  27  2:41  Probe (Chrono Boost)  
  27  2:43  Probe (Chrono Boost)  
  31  2:53  Probe (Chrono Boost)  
  31  2:57  Robotics Facility  
  32  2:59  Probe (Chrono Boost)  
  34  3:06  Probe (Chrono Boost)  
  34  3:09  Probe (Chrono Boost)  
  35  3:13  Adept  
  35  3:18  Probe (Chrono Boost)  
  38  3:20  Probe (Chrono Boost)  
  39  3:27  Dark Shrine  
  39  3:30  Probe x2 (Chrono Boost)  
  42  3:42  Probe (Chrono Boost)  
  42  3:43  Gateway x2  
  42  3:53  Gateway  
  44  3:56  Warp Prism  
  44  3:57  Probe (Chrono Boost)  
  44  4:00  Assimilator  
  45  4:04  Pylon  
  45  4:06  Probe (Chrono Boost)  
  46  4:22  Probe (Chrono Boost)  
  46  4:24  Probe (Chrono Boost)  
  48  4:33  Probe (Chrono Boost)  
  48  4:37  Nexus  
  50  4:38  Pylon  
  50  4:44  Assimilator  
  49  4:46  Pylon  
  49  4:50  Probe (Chrono Boost)  
  51  5:00  Probe (Chrono Boost)  
  51  5:02  Probe (Chrono Boost)  
  52  5:07  Immortal  
  52  5:10  Probe (Chrono Boost)  
  58  5:14  Probe (Chrono Boost)  
  58  5:16  Dark Templar x4  
  58  5:21  Probe (Chrono Boost)  
  67  5:26  Probe (Chrono Boost)  
  68  5:31  Probe (Chrono Boost)  
  68  5:33  Pylon  
  69  5:38  Probe (Chrono Boost)  
  70  5:44  Immortal  
  70  5:49  Probe (Chrono Boost)  
  76  5:51  Probe (Chrono Boost)  
  76  5:52  Probe (Chrono Boost)  
  76  5:53  Zealot x4  
  76  5:56  Archon x2  
  85  5:58  Charge  
  85  6:00  Probe (Chrono Boost)  
  85  6:03  Probe x2 (Chrono Boost)  
  88  6:05  Gateway  
  88  6:07  Pylon  
  88  6:13  Pylon  
  88  6:15  Pylon  
  88  6:29  Dark Templar x2  
  88  6:30  Dark Templar x2  
  88  6:32  Immortal, Probe x2 (Chrono Boost)  
  99  6:33  Probe (Chrono Boost)  
  99  6:36  Gateway  
  104  6:54  Gateway  
  104  6:56  Gateway  
  104  6:57  Archon x2  
  104  6:59  Gateway  
  104  7:01  Pylon  
  103  7:03  Gateway  
  103  7:06  Gateway  
  103  7:08  Dark Templar x2  
  107  7:09  Zealot  
  107  7:10  Zealot  
  107  7:12  Archon  
  107  7:14  Pylon  
  111  7:29  Zealot  
  113  7:34  Zealot x2, Gateway x2  
  117  7:38  Observer  
  118  7:49  Zealot x3  
  118  7:50  Zealot  
  126  7:56  Pylon  
  126  7:58  Pylon x2  
  126  8:00  Pylon  
  126  8:01  Dark Templar  
  126  8:02  Dark Templar  
  130  8:07  Archon  
  130  8:20  Zealot x5  
  130  8:21  Zealot x4  
  114  8:43  Dark Templar x2  
  114  8:44  Dark Templar x2  
  114  8:45  Dark Templar  
  114  8:46  Zealot x4  
  114  8:47  Zealot x2  
  114  8:48  Archon x2  
  92  9:16  Zealot x4  
  92  9:17  Zealot x4  
  102  9:18  Zealot x3  
  88  9:45  Dark Templar x2  
  88  9:46  Dark Templar x2  
  88  9:47  Zealot x4  
  88  9:48  Zealot  
  88  9:52  Archon x2  
  100  10:03  Zealot x2  
  106  10:19  Zealot x2  
  106  10:20  Zealot x3  
  106  10:21  Zealot x4  
Show
View Real Time Build Order
Export as new Build Order

TheGiantNome Zerg 

Build Orders: Hatch First 

Get SALT Encoding   

  12  0:01  Drone  
  13  0:09  Drone  
  14  0:17  Overlord  
  14  0:26  Extractor  
  14  0:27  Drone  
  15  0:36  Drone x2  
  17  1:04  Hatchery  
  17  1:05  Drone x2  
  18  1:14  Extractor  
  18  1:16  Spawning Pool  
  16  1:19  Drone  
  16  1:22  Drone  
  18  1:28  Drone  
  19  1:39  Overlord  
  19  1:49  Drone  
  20  2:02  Queen  
  20  2:03  Zergling x2  
  23  2:12  Hatchery  
  23  2:15  Metabolic Boost  
  22  2:18  Zergling x2  
  22  2:22  Zergling x2  
  24  2:30  Queen  
  24  2:36  Drone  
  27  2:38  Drone  
  27  2:44  Drone x2  
  30  2:51  Pneumatized Carapace  
  30  2:54  Drone  
  30  2:56  Drone  
  32  3:02  Overlord  
  31  3:20  Drone x6  
  31  3:24  Overlord  
  37  3:34  Queen  
  40  3:41  Evolution Chamber, Drone x3  
  41  3:49  Drone x3  
  43  4:02  Drone, Roach Warren  
  43  4:03  Drone x2  
  43  4:07  Overlord  
  45  4:11  Zerg Melee Weapons Level 1  
  45  4:16  Drone x5  
  50  4:17  Drone  
  51  4:27  Lair  
  51  4:31  Extractor  
  51  4:32  Extractor x2  
  51  4:33  Drone  
  51  4:34  Drone x2  
  51  4:35  Drone  
  51  4:36  Drone  
  51  4:37  Drone x2  
  51  4:38  Drone x2  
  57  4:39  Drone  
  58  4:49  Roach x3  
  58  4:50  Zergling x2  
  65  4:56  Overlord x3  
  65  5:13  Queen  
  69  5:16  Roach x6  
  69  5:17  Roach  
  69  5:18  Zergling x2  
  84  5:23  Drone  
  85  5:30  Baneling Nest  
  85  5:33  Overseer x2  
  84  5:38  Zergling x10  
  84  5:41  Overlord x3  
  87  5:57  Hatchery  
  86  6:10  Zerg Melee Weapons Level 2  
  86  6:13  Centrifical Hooks  
  86  6:17  Roach  
  86  6:18  Roach x5  
  98  6:31  Glial Reconstitution  
  92  6:50  Roach x6  
  103  7:02  Overlord  
  103  7:03  Overlord x2  
  103  7:08  Hatchery  
  103  7:09  Queen  
  103  7:13  Zergling x12  
  110  7:23  Zergling x4  
  110  7:24  Zergling x6  
  115  7:40  Drone x6  
  115  7:43  Baneling x17  
  115  7:44  Baneling x3  
  121  7:48  Drone x3  
  124  7:52  Overlord  
  124  7:53  Overlord  
  124  8:03  Zergling x8  
  124  8:04  Zergling x2  
  129  8:06  Ravager  
  130  8:14  Extractor  
  130  8:15  Ravager x7, Extractor  
  130  8:17  Zergling x2  
  130  8:18  Zergling x12  
  130  8:19  Zergling x2  
  143  8:23  Queen  
  143  8:24  Hatchery  
  128  8:34  Zergling x16  
  115  8:42  Roach x3  
  112  8:52  Zergling x2  
  112  8:53  Zergling x10  
  112  8:57  Zergling x4  
  92  9:05  Zergling x6  
  86  9:10  Roach  
  86  9:14  Roach x2  
  85  9:17  Roach x2  
  73  9:26  Roach x2  
  70  9:31  Roach  
  70  9:32  Roach  
  68  9:42  Roach x2  
  68  9:43  Roach x7  
  79  9:47  Roach x4  
  87  9:54  Zergling x2  
  87  9:55  Zergling x4  
  86  10:01  Roach  
  86  10:02  Roach x2, Zergling x2  
  81  10:17  Zergling x2  
Tags
 
Add a new tag
Caveats
  • Supply blocks, unpowered buildings, or Contaminate may cause inaccurate times.
  • Supply counts are checked every 10 seconds.